 Dungeon Crawl Stone Soup version 0.28.0-45-g0d030f2227 (webtiles) character file.

Game seed: 15828103852950174966

44 MisterFreud the Ducker (level 3, 0/25 HPs)
             Began as a Felid Berserker on May 25, 2022.
             Was a Follower of Trog.
             Slain by a frilled lizard (2 damage)
             ... on level 2 of the Dungeon.
             The game lasted 00:01:08 (1394 turns).

MisterFreud the Ducker (Felid Berserker)            Turns: 1394, Time: 00:01:08

Health: 0/25       AC:  1    Str: 13    XL:     3   Next: 41%
Magic:  4/4        EV: 18    Int:  8    God:    Trog [*.....]
Gold:   10         SH:  0    Dex: 17    Spells: 2/2 levels left
                                        Lives:  0   Deaths: 0

rFire   . . .      SeeInvis +     - Unarmed
rCold   . . .      Faith    .   (shield unavailable)
rNeg    . . .      Spirit   .   (armour unavailable)
rPois   .          Reflect  .   (helmet unavailable)
rElec   .          Harm     .   (cloak unavailable)
rCorr   .          Rampage  .   (gloves unavailable)
Will    .....                   (boots unavailable)
Stlth   ..........              (no amulet)
HPRegen 0.08/turn               (no ring)
MPRegen 0.09/turn               (no ring)

@: berserking, very quick
A: very small, claws 1, fangs 3, see invisible, speed 1, shaggy fur 1, stealthy
paws, no weapons or thrown items, no armour, multi-lived
a: Renounce Religion, Berserk


You were on level 2 of the Dungeon.
You worshipped Trog.
Trog was aware of your devotion.
You visited 1 branch of the dungeon, and saw 2 of its levels.

You collected 10 gold pieces.

You aren't carrying anything.


   Skills:
 - Level 3.0 Fighting
 - Level 4.0 Dodging
 + Level 3.1 Stealth
 + Level 3.8 Unarmed Combat


You had 2 spell levels left.
You didn't know any spells.
Your spell library was empty.

Dungeon Overview and Level Annotations

Branches:
Dungeon (2/15)

Altars:


Innate Abilities, Weirdness & Mutations

You have sharp claws.
You have razor-sharp teeth.
You have supernaturally acute eyesight. (SInv)
You cover ground quickly. (Speed+)
You are covered in fur. (AC +1)
Your paws help you pounce on unaware monsters.
You are incapable of wielding weapons or throwing items.
You cannot wear armour.
You gain extra lives every three experience levels.


Message History

You barely miss the adder. The adder closely misses you.
The giant cockroach waves its antennae.
You scratch the adder. Your bite misses the adder.
The adder is moderately wounded.
The adder bites you.
You are lethally poisoned!
The adder poisons you!
You closely miss the adder. You bite the adder.
The adder is severely wounded.
* * * LOW HITPOINT WARNING * * *
You feel sick. The adder closely misses you.
You are too injured to fight recklessly!
You scratch the adder.
You kill the adder!
Trog accepts your kill.
* * * LOW HITPOINT WARNING * * *
You feel sick.
Your Stealth skill increases to level 3!
You are too injured to fight recklessly!
You closely miss the giant cockroach. Your bite misses the giant cockroach.
* * * LOW HITPOINT WARNING * * *
You feel sick. The giant cockroach misses you.
A red film seems to cover your vision as you go berserk!
You feel yourself moving faster!
You feel mighty!
You feel sick.
The giant cockroach completely misses you.
You scratch the giant cockroach.
The giant cockroach is severely wounded.
You feel sick. The giant cockroach closely misses you.
You scratch the giant cockroach.
You kill the giant cockroach!
Trog accepts your kill. The bat misses you.
You scratch the bat.
You kill the bat!
Trog accepts your kill.
You feel sick.
You feel sick.
You are no longer poisoned.
The frilled lizard bites you.
You die...

.. #. ... #≈≈≈ #.#
#+##'###≈≈≈≈≈ ..
#.##..$.....≈ #.##
#.##......... #..#
#.##.....≈≈..
###.###@##....≈..≈≈
+......l......≈....
###.##..#......≈≈⌠.
#.##..#.......⌠≈≈
#..#..##...≈≈....
##.#..##..≈..≈≈..
#....##..≈....≈≈
##...##...≈≈....
#...##....≈≈...


You could see a frilled lizard.

Vanquished Creatures
  An adder (D:2)
  A dart slug (D:1)
  5 endoplasms (D:1)
  A giant cockroach (D:2)
  3 goblins (D:1)
  4 hobgoblins (D:1)
  7 jackals (D:1)
  2 ball pythons (D:1)
  3 bats
  A kobold (D:1)
28 creatures vanquished.

Notes
Turn   | Place    | Note
-------+----------+-------------------------------------------
     0 | D:1      | MisterFreud the Felid Berserker began the quest for the
                  | Orb.
     0 | D:1      | Reached XP level 1. HP: 10/10 MP: 2/2
    65 | D:1      | Reached skill level 1 in Stealth
   456 | D:1      | Reached XP level 2. HP: 13/14 MP: 3/3
  1209 | D:1      | Reached XP level 3. HP: 17/17 MP: 4/4
  1394 | D:2      | Slain by a frilled lizard

Illustrated notes

Levels and vault maps discovered:
D:1:      nagdon_arrival_zigzag_paths, layout_basic
D:2:      cheibrodos_helix_gallery, layout_basic, minmay_tiny_reverse_x

Skill      XL: |  1  2  3 |
---------------+----------+-----
Stealth        | 1 2 3 |  3.1
Fighting       | |  3.0
Dodging        | |  4.0
Unarmed Combat | |  3.8

Action                   || total
-------------------------++-------
Melee: Unarmed           ||    69
       Bite              ||    10
Invok: Berserk           ||     2
  Use: Scroll            ||     2
 Stab: Sleeping          ||     4
Armor: Skin              ||     3
Dodge: Dodged            ||    63
